 Dungeon Crawl Stone Soup version 0.22-a0-247-gbddf880 (webtiles) character file.

2149 varam the Grappler (level 9, -13/64 HPs)
             Began as a Yellow Draconian Transmuter on Feb 23, 2018.
             Was an Elder of Cheibriados.
             Mangled by an ogre
             ... wielding a +0 giant club
              (19 damage)
             ... on level 7 of the Dungeon.
             The game lasted 00:19:48 (6808 turns).

varam the Grappler (Yellow Draconian Transmuter)    Turns: 6808, Time: 00:19:48

Health: -13/64     AC:  8    Str: 27    XL:     9   Next: 9%
Magic:  12/15      EV: 13    Int: 25    God:    Cheibriados [****..]
Gold:   276        SH:  0    Dex: 21    Spells: 0/16 levels left

rFire    . . .     SeeInvis .     - Unarmed
rCold    . . .     Gourm    .   (shield currently unavailable)
rNeg     . . .     Faith    .   (armour unavailable)
rPois    .         Spirit   .   (helmet restricted)
rElec    .         Reflect  +   (no cloak)
rCorr    +         Harm     .   (gloves currently unavailable)
MR       .....                  w - +0 pair of boots
Stlth    +.........             n - +3 amulet of reflection
HPRegen  0.20/turn              i - ring of wizardry
MPRegen  0.14/turn              (no ring)

@: confused, mighty, blade hands, flying, hasted, slow
A: spit acid, acid resistance, unfitting armour, cold-blooded, AC +7
a: Breathe Acid, End Transformation, Bend Time, Temporal Distortion, Slouch,
Renounce Religion


You were on level 7 of the Dungeon.
You worshipped Cheibriados.
Cheibriados was greatly pleased with you.
You were not hungry.
You had blades for hands.
You visited 1 branch of the dungeon, and saw 7 of its levels.

You collected 276 gold pieces.

Inventory:

Hand Weapons
 a - a +0 shortbow of velocity
 e - a +0 hunting sling
Missiles
 f - 75 sling bullets
 l - 5 curare-tipped needles
 u - 9 arrows
Armour
 t - a +0 pair of gloves (melded)
 w - a +0 pair of boots (worn)
Jewellery
 i - a ring of wizardry (left scythe-like blade)
 n - a +3 amulet of reflection (around neck)
Wands
 g - a wand of iceblast (8)
 q - a wand of disintegration (8)
Scrolls
 c - a scroll of random uselessness
 m - a scroll of blinking
 o - a scroll of immolation {unknown}
 p - 2 scrolls of teleportation
 v - a scroll of enchant armour {unknown}
Potions
 d - a potion of brilliance {unknown}
 j - a potion of ambrosia {unknown}
 k - a potion of berserk rage
 r - a potion of mutation {unknown}
 x - a potion of flight
 z - a potion of lignification {unknown}
Comestibles
 b - 11 rations
 A - a chunk of flesh


   Skills:
 + Level 1.2 Fighting
 + Level 1.8 Dodging
 - Level 8.2 Unarmed Combat
 - Level 4.0 Spellcasting
 + Level 0.2 Charms
 + Level 7.9 Transmutations
 - Level 3.0 Poison Magic


You couldn't memorise any spells.
You knew the following spells:

 Your Spells              Type           Power        Failure   Level  Hunger
a - Beastly Appendage     Tmut           #####.       4%          1    None
b - Sticks to Snakes      Tmut           #####...     4%          2    None
c - Spider Form           Tmut/Pois      ####......   10%         3    ##.....
d - Blade Hands           Tmut           #####.....   21%         5    #####..
e - Song of Slaying       Chrm           #.......     24%         2    None
f - Regeneration          Chrm/Necr      #.........   36%         3    ##.....


Dungeon Overview and Level Annotations

Branches:
Dungeon (7/15)             Temple (0/1) D:4

Altars:
Ashenzari
Cheibriados
Dithmenos
Qazlal
Ru
Sif Muna
Xom


Innate Abilities, Weirdness & Mutations

You can spit globs of acid.
You are resistant to acid.
Your golden yellow scales are hard. (AC +7)
You cannot fit into any form of body armour.
You are cold-blooded and may be slowed by cold attacks.


Message History

Something hits you but does no damage. x2
You're too confused!
You slash the ogre!
The ogre is heavily wounded.
You hear some strange, mumbled words. x2
You are more confused.
The ogre hits you with a giant club!
* * * LOW HITPOINT WARNING * * *
You bump into the rock wall.
Something hits you.
* * * LOW HITPOINT WARNING * * *
Something hits you but does no damage. The ogre hits you but does no damage.
Something hits you but does no damage.
It was a potion of flight.
You feel very buoyant.
You fly up into the air.
Something hits you but does no damage. Something completely misses you.
It was a potion of haste.
You feel yourself speed up.
Cheibriados forgives your accidental hurry, just this once.
Something hits you but does no damage. The ogre hits you with a giant club!!
You die...

###
..#
#.# #
#.#.#
#.#.
#o.
#{#
#@#
#O{..#
#.##.#
#.# #
#..
#..
...
....


You could see an ogre and an orc.

Vanquished Creatures
  The ghost of ThereIsNoGod the Magician, a novice SpVM (D:5)
  A sky beast (D:5)
  An ice beast (D:5)
  2 orc warriors (D:6)
  5 ogres
  A centaur (D:5)
  Blork the orc (D:6)
  A water moccasin zombie (D:6)
  2 crimson imps
  3 orc priests
  3 hounds (D:6)
  11 orc wizards
  2 bullfrog skeletons
  4 worker ants
  An iguana (D:5)
  A hound zombie (D:5)
  3 worker ant zombies
  3 adders
  A shadow imp (D:5)
  An adder skeleton (D:5)
  A worm (D:2)
  2 dart slugs (D:2)
  2 leopard geckos
  22 orcs
  8 bats
  7 giant cockroaches
  11 hobgoblins
  6 jackals
  4 quokkas
  2 frilled lizards
  7 goblins
  18 kobolds
  13 rats
151 creatures vanquished.

Vanquished Creatures (collateral kills)
  An orc priest (D:3)
  An adder (D:2)
  A worm (D:2)
  A ball python (D:3)
  A rat (D:2)
5 creatures vanquished.

Grand Total: 156 creatures vanquished

Notes
Turn   | Place    | Note
-------+----------+-------------------------------------------
     0 | D:1      | varam the Draconian Transmuter began the quest for the Orb.
     0 | D:1      | Reached XP level 1. HP: 16/16 MP: 3/3
   343 | D:1      | Reached XP level 2. HP: 21/23 MP: 3/5
   502 | D:1      | Learned a level 2 spell: Sticks to Snakes
  1121 | D:2      | Found a stormy altar of Qazlal.
  1154 | D:2      | Reached XP level 3. HP: 22/28 MP: 4/6
  1427 | D:2      | Reached skill level 3 in Transmutations
  1434 | D:2      | Learned a level 3 spell: Spider Form
  1840 | D:2      | Found a snail-covered altar of Cheibriados.
  1848 | D:2      | Became a worshipper of Cheibriados the Contemplative
  2077 | D:3      | Reached skill level 4 in Unarmed Combat
  2077 | D:3      | Reached XP level 4. HP: 27/35 MP: 4/7
  2487 | D:4      | Noticed an ogre
  2499 | D:4      | Killed an ogre
  2499 | D:4      | Reached skill level 1 in Poison Magic
  2499 | D:4      | Reached XP level 5. HP: 40/40 MP: 5/8
  2643 | D:3      | Reached skill level 2 in Poison Magic
  2748 | D:3      | Reached * piety under Cheibriados
  2861 | D:3      | Found a sacrificial altar of Ru.
  2868 | D:3      | Reached skill level 4 in Transmutations
  3018 | D:3      | Noticed an ogre
  3028 | D:3      | Killed an ogre
  3028 | D:3      | Reached XP level 6. HP: 47/47 MP: 1/9
  3358 | D:3      | Reached skill level 5 in Unarmed Combat
  3358 | D:3      | Reached skill level 3 in Poison Magic
  3379 | D:3      | Reached ** piety under Cheibriados
  3650 | D:4      | Found a shattered altar of Ashenzari.
  4080 | D:4      | Found a shadowy altar of Dithmenos.
  4102 | D:4      | Reached skill level 5 in Transmutations
  4102 | D:4      | Your scales start taking on a golden yellow colour.
  4102 | D:4      | Reached XP level 7. HP: 25/52 MP: 7/10
  4403 | D:4      | Found a staircase to the Ecumenical Temple.
  4810 | D:5      | Entered Level 5 of the Dungeon
  4883 | D:5      | Reached skill level 6 in Unarmed Combat
  5077 | D:5      | Reached skill level 6 in Transmutations
  5130 | D:5      | Noticed ThereIsNoGod's ghost (novice SpVM)
  5158 | D:6      | Reached *** piety under Cheibriados
  5209 | D:6      | Reached XP level 8. HP: 58/59 MP: 11/11
  5485 | D:6      | Reached skill level 7 in Unarmed Combat
  5722 | D:6      | Learned a level 5 spell: Blade Hands
  5745 | D:6      | Reached skill level 3 in Spellcasting
  5828 | D:5      | Found a deep blue altar of Sif Muna.
  5828 | D:5      | Found a shimmering altar of Xom.
  5930 | D:6      | Noticed Blork the orc
  5938 | D:6      | Killed Blork the orc
  5938 | D:6      | Reached skill level 7 in Transmutations
  6088 | D:5      | Killed ThereIsNoGod's ghost
  6123 | D:5      | Reached skill level 4 in Spellcasting
  6457 | D:5      | Reached **** piety under Cheibriados
  6463 | D:5      | Reached skill level 8 in Unarmed Combat
  6477 | D:5      | Reached XP level 9. HP: 58/64 MP: 13/15
  6725 | D:5      | Learned a level 2 spell: Song of Slaying
  6729 | D:5      | Learned a level 3 spell: Regeneration
  6806 | D:7      | HP: 6/64 [something (5)]
  6808 | D:7      | Mangled by an ogre

Vault maps used:
D:1:      tarquinn_simple_flora_water_c
D:2:      grunt_qazlal_clouds, st_stairs_5, cheibriados_altar_1
D:3:      nicolae_ru_great_annihilating_truth
D:4:      overflow_temple_1_default, grunt_dithmenos_smoke,
          minmay_temple_entry_glassed_door
D:5:      nicolae_overflow_hidden_temple, first_ration
D:6:      kennysheep_housing_project, makhleb_altar_promises_db,
          uniq_blork_the_orc
D:7:      lemuel_crystal_altar, corexii_checkpoint_a, uniq_joseph, uniq_menkaure

Skill      XL: |  1  2  3  4  5  6  7  8 |
---------------+-------------------------+-----
Transmutations | 3 4 5 6 7 |  7.9
Unarmed Combat | 4 5 6 8 |  8.2
Poison Magic   | 1 2 3 |  3.0
Spellcasting   | 4 |  4.0
Fighting       | |  1.2
Dodging        | |  1.8
Charms         | |  0.2

Action                   |  1- 3 |  4- 6 |  7- 9 || total
-------------------------+-------+-------+-------++-------
Melee: Unarmed           |   134 |   131 |   184 ||   449
       Tailslap          |    12 |     8 |    19 ||    39
       Kick              |     8 |       |       ||     8
       Headbutt          |     7 |     1 |     3 ||    11
       Punch             |       |       |     5 ||     5
 Fire: Hunting sling     |       |     1 |       ||     1
 Cast: Beastly Appendage |    24 |     3 |     2 ||    29
       Sticks to Snakes  |     3 |     9 |       ||    12
       Spider Form       |     1 |    14 |    11 ||    26
       Blade Hands       |       |       |     9 ||     9
Invok: Bend Time         |       |       |     1 ||     1
 Abil: Breathe Acid      |       |       |     1 ||     1
Evoke: Wand              |       |       |     2 ||     2
  Use: Scroll            |       |     1 |     3 ||     4
       Potion            |       |       |     5 ||     5
 Stab: Sleeping          |     1 |     2 |     2 ||     5
       Paralysed         |       |     1 |       ||     1
  Eat: Chunk             |     4 |     8 |     9 ||    21
Armor: Skin              |    31 |    17 |    40 ||    88
Dodge: Dodged            |    81 |   103 |   121 ||   305
Block: Other             |       |       |     9 ||     9

Table legend:
 A = Spawn XP
 B = Non-spawn XP
 C = Spawn XP percentage of total XP
 D = Spawn monster count
 E = Non-spawn monster count
 F = Spawn count percentage of total count
 G = Total turns spent on level
                    A         B        C        D         E        F      G
               +---------+---------+-------+---------+---------+-------+---------
         Total |       0 |    3070 |   0.0 |       0 |     156 |   0.0 |  6808
               +---------+---------+-------+---------+---------+-------+---------
           D:1 |       0 |      36 |   0.0 |       0 |      22 |   0.0 |  1113
           D:2 |       0 |      49 |   0.0 |       0 |      23 |   0.0 |   937
           D:3 |       0 |     381 |   0.0 |       0 |      41 |   0.0 |  1088
           D:4 |       0 |     316 |   0.0 |       0 |      13 |   0.0 |  1672
           D:5 |       0 |    1449 |   0.0 |       0 |      28 |   0.0 |  1043
           D:6 |       0 |     787 |   0.0 |       0 |      27 |   0.0 |   939
           D:7 |       0 |      52 |   0.0 |       0 |       2 |   0.0 |    16
               +---------+---------+-------+---------+---------+-------+---------
